 Dungeon Crawl Stone Soup version 0.22-b1-21-g5cfc1688f2 (webtiles) character file.

441 Jorund the Digger (level 7, -7/46 HPs)
             Began as a Formicid Earth Elementalist on Aug 7, 2018.
             Was a Follower of Vehumet.
             Mangled by an orc warrior
             ... wielding a +0 mace
              (21 damage)
             ... on level 4 of the Dungeon.
             The game lasted 00:10:08 (3759 turns).

Jorund the Digger (Formicid Earth Elementalist)     Turns: 3759, Time: 00:10:08

Health: -7/46      AC:  4    Str: 12    XL:     7   Next: 22%
Magic:  0/14       EV: 12    Int: 17    God:    Vehumet [*.....]
Gold:   165        SH:  3    Dex: 11    Spells: 10/16 levels left

rFire    . . .     SeeInvis +   a - +1 dagger
rCold    . . .     Gourm    .   (no shield)
rNeg     . . .     Faith    .   c - +0 robe
rPois    .         Spirit   .   (helmet unavailable)
rElec    .         Reflect  +   (no cloak)
rCorr    .         Harm     .   e - +1 pair of gloves
MR       .....                  (no boots)
Stlth    +++.......             r - +3 amulet of reflection
HPRegen  0.15/turn              t - ring of stealth
MPRegen  0.14/turn              (no ring)

@: no status effects
A: permanent stasis, dig shafts and tunnels, four strong arms, antennae 3
a: Dig, Shaft Self, Renounce Religion


You were on level 4 of the Dungeon.
You worshipped Vehumet.
Vehumet was aware of your devotion.
You were very hungry.

You visited 1 branch of the dungeon, and saw 5 of its levels.

You collected 165 gold pieces.

Inventory:

Hand Weapons
 a - a +1 dagger (weapon)
 f - a +0 spear
 l - a +0 war axe
 m - a +0 blowgun
Missiles
 b - 47 stones (quivered)
 o - 4 curare-tipped needles
Armour
 c - a +0 robe (worn)
 e - a +1 pair of gloves (worn)
Jewellery
 r - a +3 amulet of reflection (around neck)
 t - a ring of stealth (left hand)
Scrolls
 j - a scroll of remove curse
 k - a scroll of magic mapping
Potions
 g - a potion of flight {unknown}
 h - 3 potions of magic
 i - a potion of haste {unknown}
 n - 2 potions of mutation {unknown}
 q - a potion of might {unknown}
 s - a potion of invisibility {unknown}
 u - a potion of heal wounds {unknown}
 v - a potion of brilliance {unknown}
Comestibles
 d - 9 rations


   Skills:
 - Level 2.0 Short Blades
 - Level 1.7 Dodging
 - Level 2.4 Stealth
 + Level 5.0 Spellcasting
 + Level 0.9 Conjurations
 + Level 1.1 Transmutations
 + Level 6.5 Earth Magic


You had 10 spell levels left.
You knew the following spells:

 Your Spells              Type           Power        Failure   Level  Hunger
a - Sandblast             Erth           ####..       1%          1    None
b - Passwall              Tmut/Erth      ###.....     4%          2    #......
c - Stone Arrow           Conj/Erth      ###...       9%          3    ###....

Your spell library contained the following spells:

 Spells                   Type           Power        Failure   Level  Hunger
 Lee's Rapid Deconstruct  Erth           ####......   26%         5    ######.
 Petrify                  Tmut/Erth      ###.....     28%         4    ####...


Dungeon Overview and Level Annotations

Branches:
Dungeon (5/15)
 Temple: D:4-7

Altars:
Ashenzari
Cheibriados
Dithmenos
Hepliaklqana
Ru
Sif Muna
Trog
Uskayaw
Vehumet
Zin
The Shining One

Shops:
D:4 [


Innate Abilities, Weirdness & Mutations

You cannot be hasted, slowed, berserked, paralysed or teleported.
You can dig through walls and to a lower floor.
Your four strong arms can wield two-handed weapons with a shield.
You have a pair of large antennae on your head. (SInv)


Message History

Unknown command.
You feel better. The orc warrior hits you with a mace.
* * * LOW HITPOINT WARNING * * *
Casting: Stone Arrow (safe; 9% risk of failure)
Confirm with . or Enter, or press ? or * to list all spells.
Aiming: Sandblast (safe; 1% risk of failure)
Press: ? - help, Shift-Dir - straight line, f/p - orc warrior
Aim: an orc warrior, wielding a mace and wearing a chain mail (almost dead)
The blast of sand misses the orc warrior.
b - 48 stones
Casting: Sandblast (safe; 1% risk of failure)
Confirm with . or Enter, or press ? or * to list all spells.
Aiming: Sandblast (safe; 1% risk of failure)
Press: ? - help, Shift-Dir - straight line, f/p - orc warrior
Aim: an orc warrior, wielding a mace and wearing a chain mail (almost dead)
The blast of sand hits the orc warrior.
The orc warrior is almost dead.
b - 47 stones The orc warrior hits you with a mace!!
You die...

#..# ##........## ###....#
#..# ##....##..###......##
#..# ###..###...........#
..## #### #...........#
..### #...........## ....##
#............# .....###
##............# .......###
#..o.........##
.........### #..@.........#
.......#...#####.........##
#......##....###.........#
###########......##......#
###....####..#.# #.##...##
####.# ##......## #.# ###
#.......## #.# ##.##
##.......## #.#


You could see an orc warrior.

Vanquished Creatures
  A scorpion (D:4)
  A centaur skeleton (D:4)
  Jessica (D:3)
  An iguana (D:4)
  Natasha (thrice) (D:3)
  A worker ant (D:3)
  A hound skeleton (D:4)
  10 adders
  An ooze (D:2)
  An adder skeleton (D:4)
  An adder zombie (D:3)
  3 worms (D:2)
  2 dart slugs (D:1)
  2 leopard geckos
  4 orcs
  2 ball pythons
  5 giant cockroaches
  8 goblins
  10 hobgoblins
  4 jackals (D:4)
  7 kobolds
  A quokka (D:3)
  12 bats
  5 frilled lizards
  A quokka skeleton (D:4)
  5 rats
93 creatures vanquished.

Notes
Turn   | Place    | Note
-------+----------+-------------------------------------------
     0 | D:1      | Jorund the Formicid Earth Elementalist began the quest for the Orb.
     0 | D:1      | Reached XP level 1. HP: 13/13 MP: 3/3
    36 | D:1      | Reached skill level 4 in Earth Magic
    37 | D:1      | Reached XP level 2. HP: 16/19 MP: 0/5
   328 | D:1      | Reached XP level 3. HP: 24/24 MP: 4/6
   855 | D:2      | Reached XP level 4. HP: 14/30 MP: 3/8
   955 | D:2      | Reached skill level 5 in Earth Magic
   959 | D:2      | Learned a level 2 spell: Passwall
   963 | D:2      | Learned a level 3 spell: Stone Arrow
   979 | D:2      | Found a hide-covered altar of Uskayaw.
  1162 | D:2      | Found a bloodstained altar of Trog.
  1165 | D:2      | Found a shattered altar of Ashenzari.
  1168 | D:2      | Found a snail-covered altar of Cheibriados.
  1168 | D:2      | Found a radiant altar of Vehumet.
  1169 | D:2      | Found a glowing golden altar of the Shining One.
  1169 | D:2      | Found a sacrificial altar of Ru.
  1170 | D:2      | Found a deep blue altar of Sif Muna.
  1179 | D:2      | Became a worshipper of Vehumet
  1418 | D:3      | Reached XP level 5. HP: 21/35 MP: 5/10
  2046 | D:3      | Noticed Jessica
  2064 | D:3      | Reached * piety under Vehumet
  2064 | D:3      | Offered knowledge of Magic Dart by Vehumet.
  2231 | D:3      | Killed Jessica
  2399 | D:3      | Noticed Natasha
  2401 | D:3      | Reached XP level 6. HP: 41/41 MP: 9/12
  2404 | D:3      | Killed Natasha
  2404 | D:3      | Reached skill level 1 in Short Blades
  2500 | D:3      | Found a hazy altar of Hepliaklqana.
  2509 | D:3      | Found a glowing silver altar of Zin.
  2513 | D:3      | Found a shadowy altar of Dithmenos.
  2545 | D:3      | Reached skill level 6 in Earth Magic
  2590 | D:3      | Noticed Natasha
  2596 | D:3      | Killed Natasha
  2634 | D:3      | Noticed Natasha
  2637 | D:3      | Killed Natasha
  2671 | D:4      | Found Orre Lew's Armour Shop.
  2996 | D:4      | Reached XP level 7. HP: 38/46 MP: 5/14
  3294 | D:4      | Reached skill level 5 in Spellcasting
  3687 | D:5      | Entered Level 5 of the Dungeon
  3759 | D:4      | Mangled by an orc warrior

Skill      XL: |  1  2  3  4  5  6  7 |
---------------+----------------------+-----
Earth Magic    | 4 5 6 |  6.5
Spellcasting   | 3 4 5 |  5.0
Short Blades   | 1 2 |  2.0
Dodging        | |  1.7
Stealth        | |  2.4
Conjurations   | |  0.9
Transmutations | |  1.1

Action                   |  1- 3 |  4- 6 |  7- 9 || total
-------------------------+-------+-------+-------++-------
Melee: Dagger            |    37 |   158 |    45 ||   240
 Cast: Sandblast         |    39 |    44 |     4 ||    87
       Stone Arrow       |       |    15 |    12 ||    27
       Passwall          |       |       |     1 ||     1
  Use: Scroll            |       |     8 |     1 ||     9
       Potion            |       |       |     1 ||     1
 Stab: Sleeping          |     1 |     4 |       ||     5
  Eat: Chunk             |       |     8 |     2 ||    10
Armor: Robe              |    15 |    37 |     7 ||    59
Dodge: Dodged            |    37 |   114 |    22 ||   173
Block: Other             |       |     1 |     4 ||     5
